 Dungeon Crawl Stone Soup version 0.28.0-53-g5a82cb258f (webtiles) character file.

Game seed: 15508968715963497105

62 buhh the Skirmisher (level 4, 0/33 HPs)
             Began as an Octopode Transmuter on June 20, 2022.
             Succumbed to an adder's poison
             ... on level 2 of the Dungeon.
             The game lasted 00:01:47 (1588 turns).

buhh the Skirmisher (Octopode Transmuter)           Turns: 1588, Time: 00:01:48

Health: 0/33       AC:  1    Str:  9    XL:     4   Next: 8%
Magic:  7/7        EV: 10    Int: 17    God:
Gold:   51         SH:  0    Dex: 12    Spells: 6/7 levels left

rFire   . . .      SeeInvis .     - Unarmed
rCold   . . .      Faith    .   (no shield)
rNeg    . . .      Spirit   .   (helmet currently unavailable)
rPois   .          Reflect  .   (no amulet)
rElec   .          Harm     .   (no ring)
rCorr   .          Rampage  .   (no ring)
Will    .....                   (no ring)
Stlth   +++.......              (no ring)
HPRegen 0.11/turn               (no ring)
MPRegen 0.10/turn               (no ring)
                                (no ring)
                                (no ring)

@: lethally poisoned (0 -> -7), appendages (expiring), constricted
A: tentacle spike 3, almost no armour, amphibious, 8 rings, camouflage 1,
gelatinous body 1, (nimble swimmer 1), tentacles
a: End Transformation


You were on level 2 of the Dungeon.
One of your tentacles had grown a beastly spike.
You visited 1 branch of the dungeon, and saw 2 of its levels.

You collected 81 gold pieces.
You spent 30 gold pieces at shops.

Inventory:

Missiles
 a - 5 poisoned darts
Scrolls
 c - a scroll of immolation {unknown}
 f - a scroll of enchant armour {unknown}
 h - a scroll of summoning {unknown}
 t - 3 scrolls of teleportation {!d}
 Q - a scroll of fog {unknown}
Potions
 b - a potion of mutation {unknown}
 d - a potion of attraction {unknown}
 l - a potion of lignification {!d}
 V - 2 potions of cancellation {!q!d}


   Skills:
 + Level 3.7 Fighting
 - Level 2.0 Dodging
 - Level 1.0 Stealth
 - Level 3.0 Unarmed Combat
 - Level 2.0 Spellcasting
 - Level 2.0 Transmutations


You had 6 spell levels left.
You knew the following spells:

 Your Spells              Type           Power      Damage    Failure   Level
a - Beastly Appendage     Tmut           16%        N/A       9%          1

Your spell library contained the following spells:

 Spells                   Type           Power      Damage    Failure   Level
 Wereblood                Tmut           8%         N/A       13%         2
 Spider Form              Tmut/Pois      5%         N/A       36%         3
 Ice Form                 Ice/Tmut       5%         N/A       77%         4


Dungeon Overview and Level Annotations

Branches:
Dungeon (2/15)

Altars:

Shops:
D:1 ?


Innate Abilities, Weirdness & Mutations

One of your tentacles has grown a beastly spike.
You cannot wear most types of armour.
You are amphibious.
You can wear up to eight rings at the same time.
Your skin changes colour to match your surroundings (Stealth+).
Your rubbery body absorbs attacks. (AC +1, EV +1)
((You are camouflaged when in or above water. (Stealth+)))
You have tentacles for arms and can constrict up to eight enemies at once.


Message History

You pierce the adder, but do no damage.
The adder is lightly wounded.
The ball python misses you. The ball python grabs you.
The ball python constricts you. The adder barely misses you.
You barely miss the adder. Your grab misses the adder.
You pierce the adder.
The adder is moderately wounded.
The ball python barely misses you. The ball python constricts you.
The adder misses you.
You miss the adder. Your grab misses the adder.
The adder is moderately wounded.
The ball python closely misses you. The ball python constricts you.
The adder bites you.
You are poisoned.
The adder poisons you! The ball python bites you.
The ball python constricts you.
You barely miss the adder. You grab the adder.
You pierce the adder, but do no damage.
The adder is moderately wounded.
You constrict the adder.
You feel sick. The adder bites you. The ball python bites you.
The ball python constricts you.
You tentacle-slap the ball python. Your grab misses the ball python.
You pierce the ball python.
Your squeeze misses the ball python.
The ball python is heavily wounded.
You constrict the adder.
You feel sick. The adder bites you. The ball python bites you.
The ball python constricts you.
You tentacle-slap the adder.
You squeeze the adder, but do no damage.
The adder is heavily wounded.
You constrict the adder.
You feel sick. The adder barely misses you. The ball python bites you.
* * * LOW HITPOINT WARNING * * *
The ball python constricts you.
* * * LOW HITPOINT WARNING * * *
The adder bites you.
* * * LOW HITPOINT WARNING * * *
You are more poisoned.
The adder poisons you!
You tentacle-slap the adder.
You pierce the adder.
You kill the adder!
You die...

#..#..............
#.............###.
##.##.........##..
#..........####..
#.##.#...#.# #.[
####.##..#.#..#
#..
#.............#
#.#
#$....#........ #.
#..@.#......... #.
#.S†............
##
#....#..........
#.....#.....
#........##
#........#
########## #


You could see a ball python.

Vanquished Creatures
  A hound (D:2)
  2 adders (D:2)
  A bat (D:1)
  A giant cockroach (D:1)
  2 hobgoblins (D:1)
  2 jackals (D:1)
  2 quokkas
  3 ball pythons
  2 frilled lizards (D:1)
  9 kobolds (D:1)
  A rat (D:1)
26 creatures vanquished.

Vanquished Creatures (others)
  17 plants (D:1)
17 creatures vanquished.

Grand Total: 43 creatures vanquished

Notes
Turn   | Place    | Note
-------+----------+-------------------------------------------
     0 | D:1      | buhh the Octopode Transmuter began the quest for the Orb.
     0 | D:1      | Reached XP level 1. HP: 13/13 MP: 3/3
   155 | D:1      | Reached XP level 2. HP: 4/19 MP: 3/5
   417 | D:1      | You fall into a shaft and drop 1 floor!
   885 | D:1      | Found Nivysimo's Magic Scroll Shop.
   888 | D:1      | Found a faded altar of an unknown god.
  1107 | D:1      | Bought a scroll of teleportation for 30 gold pieces
  1356 | D:2      | Reached XP level 3. HP: 18/26 MP: 4/6
  1519 | D:2      | Reached XP level 4. HP: 33/33 MP: 5/7
  1588 | D:2      | Succumbed to an adder's poison

Illustrated notes

Levels and vault maps discovered:
D:1:      amcnicky_arrival_single_pillar, layout_rooms, serial_shops, shop,
          chequers_ecumenical_altar_island, lexackson_kobold_supper
D:2:      layout_loops_cross, hangedman_abyss_or_decor_lesser_grid

Skill      XL: |  1  2 |
---------------+-------+-----
Stealth        | 1 |  1.0
Fighting       | 3 |  3.7
Dodging        | |  2.0
Unarmed Combat | |  3.0
Spellcasting   | |  2.0
Transmutations | |  2.0

Action                   |  1- 3 |  4- 6 || total
-------------------------+-------+-------++-------
Melee: Unarmed           |    57 |     9 ||    66
       Constrict         |    18 |     2 ||    20
       Kick              |    12 |     6 ||    18
       Tentacles         |     6 |     1 ||     7
       Punch             |     2 |       ||     2
 Cast: Beastly Appendage |    15 |     1 ||    16
  Use: Scroll            |     2 |       ||     2
 Stab: Sleeping          |     2 |       ||     2
Armor: Skin              |     5 |     1 ||     6
Dodge: Dodged            |    38 |     9 ||    47
